 Dungeon Crawl Stone Soup version 0.26.1-2-gb8aa6d0cf2 (webtiles) character file.

Game seed: 6995697771518199805

126 Martska the Cudgeller (level 5, -8/53 HPs)
             Began as an Ogre Gladiator on Mar 20, 2021.
             Killed from afar by an orc wizard (11 damage)
             ... with a puff of frost
             ... on level 3 of the Dungeon.
             The game lasted 00:01:59 (3015 turns).

Martska the Cudgeller (Ogre Gladiator)              Turns: 3015, Time: 00:02:00

Health: -8/53      AC:  3    Str: 19    XL:     5   Next: 9%
Magic:  5/5        EV: 11    Int:  9    God:
Gold:   110        SH:  0    Dex: 10    Spells: 4/4 levels left

rFire    . . .     SeeInvis .   a - +0 flail
rCold    . . .     Faith    .   (no shield)
rNeg     . . .     Spirit   .   b - +0 robe
rPois    .         Reflect  .   c - +0 hat
rElec    .         Harm     .   (no cloak)
rCorr    .         Rampage  .   (gloves unavailable)
Will     .....                  (boots unavailable)
Stlth    +.........             (no amulet)
HPRegen  0.17/turn              (no ring)
MPRegen  0.09/turn              (no ring)

@: no status effects
A: large, unfitting armour, tough skin 1
a: no special abilities


You were on level 3 of the Dungeon.
You visited 1 branch of the dungeon, and saw 3 of its levels.

You collected 110 gold pieces.

Inventory:

Hand Weapons
 a - a +0 flail (weapon)
Missiles
 d - 3 throwing nets (quivered)
Armour
 b - a +0 robe (worn)
 c - a +0 hat (worn)
Scrolls
 e - a scroll of remove curse {unknown}
 f - a scroll of magic mapping {unknown}
 g - 2 scrolls of random uselessness {unknown}
 i - a scroll of blinking {unknown}
 j - 2 scrolls of amnesia {unknown}
 k - 2 scrolls of teleportation {unknown}
 l - 3 scrolls of noise {unknown}
 m - a scroll of identify {unknown}
Potions
 h - a potion of flight {unknown}


   Skills:
 * Level 3.4 Fighting
 * Level 4.1 Maces & Flails
 - Level 2.0 Throwing
 * Level 3.4 Dodging
 * Level 1.0 Stealth


You had 4 spell levels left.
You didn't know any spells.
Your spell library was empty.

Dungeon Overview and Level Annotations

Branches:
Dungeon (3/15)

Altars:


Innate Abilities, Weirdness & Mutations

You are too large for most types of armour.
You have tough skin. (AC +1)


Message History

Something hits you.
* * * LOW HITPOINT WARNING * * *
You closely miss something.
You hear some strange, mumbled words.
You barely miss something. Something hits you.
* * * LOW HITPOINT WARNING * * *
You hear some strange, mumbled words.
A puff of frost appears from out of thin air!
The puff of frost misses you.
You barely miss something. Something hits you.
* * * LOW HITPOINT WARNING * * *
You barely miss something. Something hits you.
* * * LOW HITPOINT WARNING * * *
Something hits you.
* * * LOW HITPOINT WARNING * * *
You closely miss something.
You hear some strange, mumbled words.
A puff of frost appears from out of thin air!
The puff of frost hits you!
You die...

#.# #.# #.# #.# #.#
#.###################.
#.....................
##########.....########
#.....@{......
#..8..).......
#...........>.
#......####### ########


There were no monsters in sight!

Vanquished Creatures
  An orc priest (D:2)
  An adder (D:3)
  2 oozes (D:1)
  An adder skeleton (D:3)
  2 dart slugs (D:1)
  2 leopard geckos
  5 orcs
  8 bats
  4 giant cockroaches
  11 goblins
  10 hobgoblins
  6 kobolds
  A quokka (D:3)
  A ball python (D:2)
  6 rats
61 creatures vanquished.

Notes
Turn   | Place    | Note
-------+----------+-------------------------------------------
     0 | D:1      | Martska the Ogre Gladiator began the quest for the Orb.
     0 | D:1      | Reached XP level 1. HP: 22/22 MP: 1/1
   113 | D:1      | Reached XP level 2. HP: 22/29 MP: 2/2
   369 | D:1      | Reached skill level 3 in Maces & Flails
   960 | D:1      | Reached XP level 3. HP: 37/37 MP: 3/3
  1634 | D:2      | Found a faded altar of an unknown god.
  2073 | D:2      | Reached XP level 4. HP: 15/45 MP: 4/4
  2770 | D:3      | Reached skill level 1 in Stealth
  2780 | D:3      | Reached skill level 4 in Maces & Flails
  2780 | D:3      | Reached XP level 5. HP: 30/53 MP: 5/5
  3015 | D:3      | Killed from afar by an orc wizard

Illustrated notes

Levels and vault maps discovered:
D:1:      dpeg_arrival_radiant, layout_basic, minmay_parallelograms,
          dk_noncrumbling_4, chequers_serial_rivers_room_b
D:2:      layout_loops_cross, chequers_ecumenical_altar_simple
D:3:      layout_basic, nicolae_overflow_hidden_temple, serial_undead,
          serial_undead_d, serial_undead_a, serial_undead_d, serial_undead_f

Skill      XL: |  1  2  3  4 |
---------------+-------------+-----
Maces & Flails | 3 4 |  4.1
Dodging        | 3 |  3.4
Fighting       | 3 |  3.4
Stealth        | 1 |  1.0
Throwing       | |  2.0

Action                   |  1- 3 |  4- 6 || total
-------------------------+-------+-------++-------
Melee: Flail             |   119 |    89 ||   208
 Stab: Distracted        |       |     1 ||     1
Armor: Robe              |    35 |    22 ||    57
Dodge: Dodged            |    76 |    54 ||   130
